 Dungeon Crawl Stone Soup version 0.23.2-33-g5129a83184 (webtiles) character file.

Game seed: 17897535256133877239

1367 Bergy the Cudgeler (level 8, -9/91 HPs)
             Began as a Demonspawn Abyssal Knight on June 28, 2019.
             Was a Priest of Lugonu.
             Mangled by Harold
             ... wielding a +1 broad axe of freezing
              (11 damage)
             ... on level 7 of the Dungeon.
             The game lasted 00:19:56 (6396 turns).

Bergy the Cudgeler (Demonspawn Abyssal Knight)      Turns: 6396, Time: 00:19:56

Health: -9/91      AC: 24    Str: 14    XL:     8   Next: 38%
Magic:  9/9        EV:  2    Int: 18    God:    Lugonu [***...]
Gold:   278        SH:  0    Dex: 19    Spells: 7/7 levels left

rFire    . . .     SeeInvis .   a - +4 dire flail
rCold    . . .     Gourm    .   (shield currently unavailable)
rNeg     + + +     Faith    .   (armour currently unavailable)
rPois    +         Spirit   .   (helmet currently unavailable)
rElec    .         Reflect  .   (cloak currently unavailable)
rCorr    .         Harm     .   (gloves currently unavailable)
MR       .....     NoTele   +   (boots currently unavailable)
Stlth    +++.......             (no amulet)
HPRegen  0.25/turn              (no ring)
MPRegen  0.11/turn              (no ring)

@: brilliant, agile, tree-form, marked, very slightly contaminated, invisible
A: powered by death 1
a: Depart the Abyss, Bend Space, Banish, Renounce Religion


You were on level 7 of the Dungeon.
You worshipped Lugonu.
Lugonu was most pleased with you.
You were not hungry.
You were a tree.
You visited 1 branch of the dungeon, and saw 7 of its levels.
You visited the Abyss 1 time.

You collected 278 gold pieces.

Inventory:

Hand Weapons
 a - a +4 dire flail (weapon)
Armour
 g - a +0 scale mail (melded)
 k - a +2 hat (melded)
 w - a +0 chain mail
Wands
 j - a wand of polymorph (12)
 v - a wand of random effects (22)
Scrolls
 b - 4 scrolls of fog {unknown}
 d - 8 scrolls of identify
 e - 2 scrolls of remove curse
 f - a scroll of magic mapping {unknown}
 h - 3 scrolls of amnesia {unknown}
 i - a scroll of immolation {unknown}
 l - a scroll of enchant armour {unknown}
 m - 2 scrolls of teleportation {unknown}
 p - a scroll of fear {unknown}
 s - a scroll of blinking {unknown}
Potions
 n - a potion of lignification
 o - 3 potions of agility
 q - a potion of might {unknown}
 r - a potion of brilliance
 t - a potion of flight
 u - a potion of invisibility
Comestibles
 c - 14 rations
 x - a chunk of flesh


   Skills:
 + Level 4.9 Fighting
   Level 1.6 Short Blades
 * Level 6.9 Maces & Flails
 + Level 4.7 Armour
 + Level 2.7 Dodging
 - Level 2.4 Invocations


You had 7 spell levels left.
You didn't know any spells.
Your spell library was empty.

Dungeon Overview and Level Annotations

Branches:
Dungeon (7/15)             Temple (0/1) D:5

Altars:
Hepliaklqana
Makhleb
Qazlal
Ru
Trog
Uskayaw
Vehumet

Shops:
D:5 =

Annotations:
D:7 Harold, Pikel


Innate Abilities, Weirdness & Mutations

((You are mostly covered in thin metallic scales. (AC +3)))
You regenerate a little health from kills.
((You are mostly covered in sharp spines.))


Message History

Harold freezes you.
* * * LOW HITPOINT WARNING * * *
You are very lightly contaminated with residual magic.
You barely miss Harold.
Harold is heavily wounded.
Harold hits you but does no damage.
You puncture Harold!
Harold is heavily wounded.
Harold hits you but does no damage.
You hit Harold but do no damage.
Harold is heavily wounded.
You puncture Harold!
Harold is severely wounded.
Harold says, "Try to look on the bright side.
Your death will help put my children through school."
Harold hits you but does no damage.
You catch the helpless Harold completely off-guard!
You puncture Harold!
Harold is severely wounded.
Harold hits you with a +1 broad axe of freezing!
You die...

..........#
.......?..#####
...............
#..p....#
#.......#
#.##.p..#
#.##....#
#.##...p####
#####.#.#...ppK@♣#
.....<#.#....p####
#####.#.#.....#
#.#.#.#####
#.#.#.#
#####.#.#.#
......#.#.#
..........#
#######.###


You could see Harold, Pikel and 4 slaves.

Vanquished Creatures
  An ice beast (D:7)
  A phantom (D:5)
  A sky beast (D:5)
  An ogre (D:5)
  A crocodile (D:5)
  2 centaurs (D:6)
  A bullfrog (D:4)
  A scorpion (D:6)
  5 wights (D:4)
  A centaur zombie (D:6)
  A bullfrog zombie (D:6)
  2 centaur skeletons
  2 iguanas
  Terence (D:3)
  An orc wizard (D:6)
  A worker ant (D:6)
  3 gnolls (D:6)
  10 adders
  A shadow imp (D:5)
  2 adder zombies
  5 worms
  2 dart slugs
  A leopard gecko (D:4)
  12 orcs
  2 giant cockroaches
  5 hobgoblins
  2 jackals (D:2)
  9 kobolds
  7 bats
  3 frilled lizards
  4 goblins
  7 rats
98 creatures vanquished.

Notes
Turn   | Place    | Note
-------+----------+-------------------------------------------
     0 | Abyss:1  | Bergy the Demonspawn Abyssal Knight began the quest for the
                  | Orb.
     0 | Abyss:1  | Reached XP level 1. HP: 18/18 MP: 2/2
     0 | D:1      | Escaped the Abyss
   109 | D:1      | Reached * piety under Lugonu
   110 | D:1      | Reached skill level 2 in Maces & Flails
   157 | D:1      | Gained mutation: You are partially covered in thin metallic
                  | scales. (AC +2) [demonic ancestry]
   157 | D:1      | Reached XP level 2. HP: 18/24 MP: 3/3
  1254 | D:2      | Reached skill level 1 in Dodging
  1266 | D:2      | Gained mutation: You are partially covered in sharp spines.
                  | [demonic ancestry]
  1266 | D:2      | Reached XP level 3. HP: 24/30 MP: 4/4
  1342 | D:2      | Reached skill level 1 in Short Blades
  1630 | D:2      | Found a burning altar of Makhleb.
  1630 | D:2      | Noticed a green death
  1864 | D:2      | Gained mutation: You regenerate a little health from kills.
                  | [demonic ancestry]
  1864 | D:2      | Reached XP level 4. HP: 31/37 MP: 5/5
  2140 | D:3      | Found a hazy altar of Hepliaklqana.
  2384 | D:3      | Found a sacrificial altar of Ru.
  2386 | D:3      | Noticed Terence
  2414 | D:3      | Killed Terence
  2700 | D:3      | Reached ** piety under Lugonu
  2905 | D:4      | Noticed a bullfrog
  2912 | D:4      | Killed a bullfrog
  2912 | D:4      | Gained mutation: You are mostly covered in sharp spines.
                  | [demonic ancestry]
  2912 | D:4      | Reached XP level 5. HP: 42/42 MP: 6/6
  3016 | D:4      | Found a hide-covered altar of Uskayaw.
  3026 | D:4      | Noticed a +0 dagger
  3027 | D:4      | Noticed a +0 hand axe
  3381 | D:4      | Reached skill level 3 in Maces & Flails
  3381 | D:4      | Gained mutation: You are mostly covered in thin metallic
                  | scales. (AC +3) [demonic ancestry]
  3381 | D:4      | Reached XP level 6. HP: 30/48 MP: 7/7
  3541 | D:4      | Found a radiant altar of Vehumet.
  3553 | D:4      | Found a stormy altar of Qazlal.
  3658 | D:5      | Entered Level 5 of the Dungeon
  3670 | D:5      | Noticed a sky beast
  3685 | D:5      | Killed a sky beast
  3732 | D:5      | Reached skill level 4 in Maces & Flails
  3899 | D:5      | Reached XP level 7. HP: 30/55 MP: 8/8
  4189 | D:5      | Noticed a moth of wrath
  4192 | D:5      | Found a bloodstained altar of Trog.
  4491 | D:5      | Reached skill level 5 in Maces & Flails
  4583 | D:5      | Found a staircase to the Ecumenical Temple.
  4775 | D:5      | Found Yrozoe's Jewellery Emporium.
  5094 | D:6      | Reached XP level 8. HP: 38/61 MP: 9/9
  5394 | D:6      | Reached skill level 6 in Maces & Flails
  6015 | D:7      | Noticed Harold
  6169 | D:7      | Reached *** piety under Lugonu
  6369 | D:7      | Noticed Pikel
  6389 | D:7      | HP: 4/91 [Harold/+1 broad axe of freezing (1)]
  6391 | D:7      | HP: 1/91 [Harold/+1 broad axe of freezing (1)]
  6396 | D:7      | Mangled by Harold

Skill      XL: |  1  2  3  4  5  6  7  8 |
---------------+-------------------------+-----
Maces & Flails | 2 3 4 5 6 |  6.9
Armour         | 2 3 4 |  4.7
Dodging        | 1 2 |  2.7
Short Blades   | 1 |  1.6
Fighting       | 4 |  4.9
Invocations    | |  2.4

Action                   |  1- 3 |  4- 6 |  7- 9 || total
-------------------------+-------+-------+-------++-------
Melee: Mace              |    41 |    71 |       ||   112
       Short sword       |    78 |    14 |       ||    92
       Dire flail        |       |    19 |   109 ||   128
       Morningstar       |       |     3 |       ||     3
Invok: Depart the Abyss  |     1 |       |       ||     1
  Use: Potion            |     1 |       |     5 ||     6
       Scroll            |       |     5 |       ||     5
 Stab: Invisible         |       |       |     1 ||     1
  Eat: Chunk             |     2 |     5 |     7 ||    14
       Ration            |       |     1 |       ||     1
Armor: Leather armour    |    18 |       |       ||    18
       Scale mail        |    17 |    50 |    44 ||   111
       Skin              |       |       |     8 ||     8
Dodge: Dodged            |    53 |    49 |    54 ||   156
